 Dungeon Sprint DCSS version 0.27-a0-463-gec7707c53d (webtiles) character file.

Game seed: 2200733772663277585

35 rocky1 the Sneak (level 3, 0/16 HPs)
             Began as a Spriggan Enchanter on Mar 1, 2021.
             Slain by a worker ant (6 damage)
             ... in the Dungeon (Sprint IV: "Fedhas' Mad Dash").
             The game lasted 00:00:48 (80 turns).

rocky1 the Sneak (Spriggan Enchanter)                 Turns: 80, Time: 00:00:48

Health: 0/16       AC:  2    Str:  4    XL:     3   Next: 16%
Magic:  7/9        EV: 19    Int: 17    God:
Gold:   0          SH:  0    Dex: 15    Spells: 9/10 levels left

rFire    . . .     SeeInvis +   a - +1 dagger
rCold    . . .     Faith    .   (shield restricted)
rNeg     . . .     Spirit   .   b - +0 robe
rPois    .         Reflect  .   (helmet restricted)
rElec    .         Harm     .   (no cloak)
rCorr    .         Rampage  .   (gloves unavailable)
Will     .....     NoTele   +   (boots unavailable)
Stlth    +++.......             (no amulet)
HPRegen  0.05/turn              (no ring)
MPRegen  0.11/turn              (no ring)

@: lethally poisoned (0 -> -5), very quick
A: very small, unfitting armour, see invisible, speed 3
a: no special abilities


You were in the Dungeon.
You visited 1 branch

Inventory:

Hand Weapons
 a - a +1 dagger (weapon)
Armour
 b - a +0 robe (worn)
Scrolls
 i - a scroll of blinking
Potions
 d - a potion of curing
 e - a potion of heal wounds
 f - a potion of haste
 g - 2 potions of magic


   Skills:
 + Level 3.1 Short Blades
 + Level 4.5 Dodging
 + Level 6.2 Stealth
 + Level 4.2 Spellcasting
 + Level 4.9 Hexes


You had 9 spell levels left.
You knew the following spells:

 Your Spells              Type           Power        Failure   Level
a - Corona                Hex            22%          1%          1

Your spell library contained the following spells:

 Spells                   Type           Power        Failure   Level
 Confusing Touch          Hex            20%          6%          3
 Tukima's Dance           Hex            20%          6%          3
 Ensorcelled Hibernation  Hex/Ice        24%          9%          2
 Dazzling Flash           Conj/Hex       24%          17%         3


Dungeon Overview and Level Annotations

Branches:
Dungeon (1/1)

Altars:


Innate Abilities, Weirdness & Mutations

You are very small and have problems with some larger weapons.
You are too small for most types of armour.
You have supernaturally acute eyesight. (SInv)
You cover ground extremely quickly.


Message History

You hit the worker ant.
The worker ant is moderately wounded.
The worker ant closely misses you.
You hit the worker ant but do no damage.
The worker ant is moderately wounded.
The worker ant waves its antennae.
The worker ant completely misses you.
You hit the worker ant but do no damage.
The worker ant is moderately wounded.
The worker ant completely misses you.
You hit the worker ant but do no damage.
The worker ant is moderately wounded.
The worker ant bites you.
You are poisoned.
The worker ant poisons you!
You hit the worker ant.
The worker ant is moderately wounded.
You feel sick. The worker ant misses you.
You hit the worker ant but do no damage.
The worker ant is moderately wounded.
The worker ant stops glowing.
The worker ant misses you.
You barely miss the worker ant.
The worker ant is moderately wounded.
The worker ant misses you.
You closely miss the worker ant.
The worker ant is moderately wounded.
You feel sick. The worker ant closely misses you.
You hit the worker ant but do no damage.
The worker ant is moderately wounded.
The worker ant barely misses you.
You hit the worker ant.
The worker ant is heavily wounded.
The worker ant barely misses you.
You hit the worker ant.
The worker ant is severely wounded.
The worker ant completely misses you.
You hit the worker ant but do no damage.
The worker ant is severely wounded.
You feel sick. The worker ant bites you.
You die...

##################
#<..P#.....#.$$$$#
#PP..'†[...'.#@?.+
#PP.P#.....#.#B..#
###############+##


You could see a worker ant.

Vanquished Creatures
  An oklob sapling (D)
  A river rat (D)
  A rat (D)
3 creatures vanquished.

Vanquished Creatures (others)
  A fungus (D)
1 creature vanquished.

Grand Total: 4 creatures vanquished

Notes
Turn   | Place    | Note
-------+----------+-------------------------------------------
     0 | D        | rocky1 the Spriggan Enchanter began the quest for the Orb.
     0 | D        | Reached XP level 1. HP: 9/9 MP: 5/5
    12 | D        | Reached skill level 5 in Stealth
    12 | D        | Reached XP level 2. HP: 13/13 MP: 5/7
    56 | D        | Noticed an oklob sapling
    58 | D        | Killed an oklob sapling
    59 | D        | Reached skill level 6 in Stealth
    59 | D        | Reached XP level 3. HP: 16/16 MP: 7/9
    62 | D        | Found the amulet of invisibility {+Inv}
    80 | D        | Slain by a worker ant

Illustrated notes

Levels and vault maps discovered:
D:        dungeon_sprint_fedhas [sprint_temple]

Skill      XL: |  1  2 |
---------------+-------+-----
Short Blades   | 2 3 |  3.1
Dodging        | 3 4 |  4.5
Stealth        | 5 6 |  6.2
Spellcasting   | 3 4 |  4.2
Hexes          | 4 |  4.9

Action                   || total
-------------------------++-------
Melee: Dagger            ||    22
 Cast: Corona            ||     2
  Use: Potion            ||     1
 Stab: Sleeping          ||     1
Armor: Robe              ||     1
Dodge: Dodged            ||    14

Table legend: (Time is in decaauts)
 A = Elapsed time spent in this place.
 B = Non-inter-level travel time spent in this place.
 C = Inter-level travel time spent in this place.
 D = Time resting spent in this place.
 E = Time spent auto-exploring this place.
 F = Levels seen in this place.
 G = Mean time per level.
                   A        B        C        D        E       F      G
               +--------+--------+--------+--------+--------+-----+--------+
         Total |     78 |     78 |      0 |     43 |      0 |   1 |   78.0 |
       Dungeon |     78 |     78 |      0 |     43 |      0 |   1 |   78.0 |
               +--------+--------+--------+--------+--------+-----+--------+

Top non-repeatable levels by time:
       D: 78 daAuts
